 Dungeon Crawl Stone Soup version 0.17.1-1-g73c8601 (webtiles) character file.

1118 schauveau the Chopper (level 8, 0/51 HPs)
             Began as a Gargoyle Berserker on Dec 11, 2015.
             Was a Priest of Trog.
             Killed by nerve-wracking pain
             ... invoked by a shadow imp
             ... summoned by Eustachio
              (12 damage)
             ... on level 5 of the Dungeon on Dec 16, 2015.
             The game lasted 00:12:51 (4257 turns).

schauveau the Chopper (Gargoyle Berserker)          Turns: 4257, Time: 00:12:51

Health: 0/51       AC: 20    Str: 27    XL:     8   Next: 34%
Magic:  8/8        EV:  8    Int:  8    God:    Trog [***...]
Gold:   244        SH:  0    Dex: 13    Spells: 0 memorised, 7 levels left

rFire  . . .     SeeInvis .     a - +1 hand axe
rCold  + . .     Clarity  .     i - +0 plate armour
rNeg   + + .     SustAt   .     (no shield)
rPois  ∞         Gourm    .     (no helmet)
rElec  +         Spirit   .     j - +0 cloak
rCorr  .         Warding  .     (no gloves)
rMut   .         Stasis   .     v - +0 pair of boots "Egocwafo" {rN+ Dex+4}
MR     .....                    (no amulet)
Stlth  ..........               k - +4 ring of strength
                                t - ring of protection from cold

@: not resistant to hostile enchantments, extremely unstealthy
A: negative energy resistance 1, electricity resistance, unbreathing,
petrification resistance, rot immunity, AC +5
a: Berserk, Trog's Hand, Burn Spellbooks, Renounce Religion


You were on level 5 of the Dungeon.
You worshipped Trog.
Trog was most pleased with you.
You were very hungry.

You visited 2 branches of the dungeon, and saw 6 of its levels.

You collected 244 gold pieces.

Inventory:

Hand Weapons
 a - a +1 hand axe (weapon)
Missiles
 f - 3 tomahawks (quivered)
 q - 15 poisoned needles
Armour
 i - a +0 plate armour (worn)
 j - a +0 cloak (worn)
 v - the +0 pair of boots "Egocwafo" (worn) {rN+ Dex+4}
   (You found it on level 5 of the Dungeon)

   It affects your dexterity (+4).
   It protects you from negative energy.
Jewellery
 k - a +4 ring of strength (right hand)
 l - an uncursed ring of stealth
 t - a ring of protection from cold (left hand)
Scrolls
 b - a scroll of magic mapping
 e - a scroll of fog {unknown}
 h - 2 scrolls of identify
 o - a scroll of remove curse
Potions
 m - a potion of haste
 n - 2 potions of agility
 r - a potion of cure mutation
 s - a potion of curing
Comestibles
 c - 4 bread rations
 d - 2 slices of pizza
 g - 6 meat rations
 u - a royal jelly


   Skills:
 + Level 6.1 Fighting
 * Level 6.8 Axes
 + Level 5.6 Armour
 - Level 1.5 Dodging


You had 7 spell levels left.
You didn't know any spells.

Dungeon Overview and Level Annotations

Branches:
Dungeon (5/15)             Temple (1/1) D:4

Altars:
Ashenzari
Cheibriados
Dithmenos
Elyvilon
Fedhas
Gozag
Kikubaaqudgha
Makhleb
Nemelex Xobeh
Okawaru
Qazlal
Sif Muna
Trog
Xom
Yredelemnul
Zin
The Shining One

Annotations:
D:3 Blork the orc
D:5 Eustachio


Innate Abilities, Weirdness & Mutations

You are resistant to torment.
Your stone body is resilient (AC +5).
You are immune to poison.
You resist negative energy.
You are resistant to electric shocks.
You can survive without breathing.
You are immune to petrification.
You are immune to rotting.


Message History

The shadow imp is severely wounded.
You hit the white imp.
The white imp is heavily wounded.
You hit the shadow imp but do no damage.
The shadow imp hits you but does no damage.
The shadow imp hits you.
* * * LOW HITPOINT WARNING * * *
The white imp shouts, "Flee, thou fawning limp-willed vulture!"
The white imp misses you. Eustachio hits you but does no damage.
You hit Eustachio but do no damage.
Eustachio is severely wounded.
You hit the shadow imp but do no damage.
The shadow imp is severely wounded.
Your plate armour prevents you from hitting the white imp.
The white imp is heavily wounded.
You hit the shadow imp.
The shadow imp is severely wounded.
The shadow imp gestures at you. Pain shoots through your body!
You die...

...#.##.# #....####..#
...#.##.# #..........#
#.##.##.#######...######.#
......#...........#......#
#..#..#.........#.#.######
##.# .#.#########.#.# ...
#...........#.#####
#...###########5......#
...# #......5@@......#
#>.# #.#######5......# #.#
#.# #.......# #.#
#......)# #r# #.......#
#.# #.......# #5#
#.......# #@# #.......#
#)# #.......#


You could see Eustachio, a white imp and 2 shadow imps.

Vanquished Creatures
  Pikel (D:5)
  Duvessa (D:4)
  An ice beast (D:5)
  3 slaves (D:4)
  Dowan (D:4)
  An orc priest (D:5)
  A giant frog zombie (D:5)
  2 hounds
  4 orc wizards (D:4)
  2 worker ants (D:4)
  4 adders
  A shadow imp (D:4)
  A worm (D:3)
  5 giant geckos
  8 orcs
  10 bats
  4 giant cockroaches
  5 hobgoblins
  15 jackals
  3 quokkas
  A ball python (D:3)
  2 giant newts
  4 goblins
  7 kobolds
  5 rats
92 creatures vanquished.

Notes
Turn   | Place    | Note
--------------------------------------------------------------
     0 | D:1      | schauveau the Gargoyle Berserker began the quest for the Orb.
     0 | D:1      | Reached XP level 1. HP: 14/14 MP: 1/1
   116 | D:1      | Reached XP level 2. HP: 17/19 MP: 2/2
   601 | D:2      | Found an iron altar of Okawaru.
   627 | D:2      | Found an iron altar of Okawaru.
   627 | D:2      | Found a basalt altar of Yredelemnul.
   653 | D:2      | Reached XP level 3. HP: 16/23 MP: 3/3
   773 | D:2      | Reached ** piety under Trog
  1679 | D:3      | Reached XP level 4. HP: 29/29 MP: 4/4
  1754 | D:3      | Found a sparkling altar of Nemelex Xobeh.
  1826 | D:3      | Noticed Blork the orc
  2274 | D:3      | Found a deep blue altar of Sif Muna.
  2334 | D:4      | Reached *** piety under Trog
  2358 | D:4      | Reached skill level 4 in Fighting
  2434 | D:4      | Reached XP level 5. HP: 17/33 MP: 5/5
  2435 | D:4      | Noticed Duvessa
  2482 | D:4      | Killed Duvessa
  2485 | D:4      | Noticed Dowan
  2486 | D:4      | HP: 1/51 [Dowan/shard of ice (16)]
  2558 | D:4      | Killed Dowan
  2558 | D:4      | Reached XP level 6. HP: 19/39 MP: 6/6
  2595 | D:4      | Found a staircase to the Ecumenical Temple.
  2608 | Temple   | Entered the Ecumenical Temple
  2784 | D:4      | Reached skill level 5 in Axes
  2825 | D:5      | Entered Level 5 of the Dungeon
  3023 | D:4      | Found a shadowy altar of Dithmenos.
  3040 | D:4      | Reached XP level 7. HP: 44/44 MP: 7/7
  3444 | D:4      | Reached skill level 5 in Fighting
  3542 | D:5      | Noticed Pikel
  3930 | D:5      | Got a pair of heavily runed boots
  3936 | D:5      | Identified the +0 pair of boots "Egocwafo" {rN+ Dex+4} (You found it on level 5 of the Dungeon)
  3992 | D:5      | Killed Pikel
  3992 | D:5      | Reached skill level 6 in Fighting
  3992 | D:5      | Reached skill level 5 in Armour
  3992 | D:5      | Reached XP level 8. HP: 41/51 MP: 8/8
  4201 | D:5      | Noticed Eustachio
  4257 | D:5      | Killed from afar by a shadow imp

Action                   |  1- 3 |  4- 6 |  7- 9 || total
-------------------------+-------+-------+-------++-------
Melee: Hand axe          |   171 |   233 |   246 ||   650
Invok: Berserk           |       |     2 |       ||     2
  Use: Scroll            |     5 |     3 |     2 ||    10
       Potion            |       |     2 |       ||     2
  Eat: Chunk             |     3 |     7 |     3 ||    13
